 Dungeon Crawl Stone Soup version 0.28-a0-1080-g05a166d0ed (webtiles) character file.

Game seed: 2141789029231771047

655 ZenithNebula the Grave Robber (level 7, 0/52 HPs)
             Began as a Ghoul Necromancer on Dec 9, 2021.
             Was an Initiate of Sif Muna.
             Slain by an orc (6 damage)
             ... on level 6 of the Dungeon.
             The game lasted 01:09:03 (6261 turns).

ZenithNebula the Grave Robber (Ghoul Necromancer)   Turns: 6261, Time: 01:09:04

Health: 0/52       AC:  4    Str: 12    XL:     7   Next: 54%
Magic:  7/12       EV: 12    Int: 12    God:    Sif Muna [......]
Gold:   104        SH:  0    Dex:  9    Spells: 13/14 levels left

rFire   . . .      SeeInvis .   U - +2 lajatang (vamp)
rCold   + . .      Faith    .   (shield currently unavailable)
rNeg    + + +      Spirit   .   a - +1 robe
rPois   ∞          Reflect  .   (no helmet)
rElec   .          Harm     .   (no cloak)
rCorr   .          Rampage  .   (no gloves)
Will    .....                   b - +0 pair of boots
Stlth   ++........              (no amulet)
HPRegen 0.00/turn               (no ring)
MPRegen 0.13/turn               (no ring)

@: weak-willed, inhibited regen
A: claws 1, cold resistance 1, negative energy resistance 3, inhibited
regeneration, torment resistance 2
a: Renounce Religion


You were on level 6 of the Dungeon.
You worshipped Sif Muna.
Sif Muna was noncommittal.
You visited 2 branches of the dungeon, and saw 7 of its levels.

You collected 104 gold pieces.

Inventory:

Hand Weapons
 g - a +0 short sword
 j - a +0 dagger
 k - a +0 short sword
 n - a +0 mace
 o - a +1 dagger
 r - a +0 scythe
 t - a +0 dagger
 u - a +0 falchion
 v - a +0 club
 w - a +0 whip
 y - a +0 club
 B - a +0 dagger
 C - a +0 hunting sling
 D - a +0 club
 F - a +0 dagger
 I - a +0 dagger
 K - a +0 club
 L - a +0 short sword
 P - a +0 whip
 R - a +0 halberd
 T - a +0 quarterstaff
 U - a +2 vampiric lajatang (weapon)
Missiles
 e - 112 stones
 f - 16 sling bullets
 l - 17 poisoned darts
 x - 51 arrows
 O - 25 bolts
 X - a boomerang
Armour
 a - a +1 robe (worn)
 b - a +0 pair of boots (worn)
 c - a +0 leather armour
 m - a +0 scale mail
 q - a +0 robe
 s - a +0 leather armour
 z - a +0 robe
 A - a +0 robe
 E - a +0 chain mail
 G - a +0 robe
 J - a +0 leather armour
Magical Staves
 d - a staff of death
Scrolls
 H - a scroll of identify
 V - a scroll of fog
 Z - a scroll of magic mapping {unknown}
Potions
 h - 4 potions of ambrosia
 p - a potion of flight {unknown}
 M - a potion of mutation {unknown}
 N - 2 potions of attraction {unknown}
 S - a potion of degeneration {unknown}
 W - a potion of brilliance {unknown}
 Y - a potion of magic {unknown}


   Skills:
 + Level 1.0 Fighting
 + Level 0.5 Staves
 + Level 2.6 Dodging
 + Level 2.4 Stealth
 + Level 0.2 Unarmed Combat
 + Level 4.0 Spellcasting
 + Level 7.1 Necromancy


You had 13 spell levels left.
You knew the following spells:

 Your Spells              Type           Power      Damage    Failure   Level
a - Pain                  Necr           76%        1d7       1%          1

Your spell library contained the following spells:

 Spells                   Type           Power      Damage    Failure   Level
 Animate Skeleton         Necr           38%        N/A       1%          1
 Vampiric Draining        Necr           19%        2d7       3%          3
 Animate Dead             Necr           9%         N/A       12%         4
 Agony                    Necr           19%        N/A       32%         5


Dungeon Overview and Level Annotations

Branches:
Dungeon (6/15)             Temple (1/1) D:5

Altars:
Ashenzari
Cheibriados
Dithmenos
Elyvilon
Fedhas
Gozag
Hepliaklqana
Kikubaaqudgha
Makhleb
Nemelex Xobeh
Okawaru
Qazlal
Ru
Sif Muna
Trog
Uskayaw
Vehumet
Wu Jian
Xom
Yredelemnul
Zin
The Shining One

Shops:
D:1 :


Innate Abilities, Weirdness & Mutations

You thrive by killing the living.
You are immune to poison.
You have sharp fingernails.
Your flesh is cold resistant. (rC+)
You are immune to negative energy. (rN+++)
You do not regenerate when monsters are visible.
You are immune to unholy pain and torment.


Message History

Aiming: Pain (safe; 1% risk of failure)
Press: ? - help, Q - select action, (/) - cycle Shift-Dir - straight line, f/p - orc
Aim: an orc, wielding a +0 hand axe (weak-willed, chance to affect: 89%)
The orc writhes in agony.
The killer bee zombie closely misses you.
The orc closely misses you. The killer bee zombie hits you. The orc misses you.
Aiming: Pain (safe; 1% risk of failure)
Press: ? - help, Q - select action, (/) - cycle Shift-Dir - straight line, f/p - orc
Aim: an orc, wielding a +0 hand axe (heavily wounded, weak-willed, chance to affect: 89%)
The orc writhes in agony.
The killer bee zombie hits you. The orc barely misses you.
The orc completely misses you. The killer bee zombie hits you.
Aiming: Pain (safe; 1% risk of failure)
Press: ? - help, Q - select action, (/) - cycle Shift-Dir - straight line, f/p - orc
Aim: an orc, wielding a +0 hand axe (almost dead, weak-willed, chance to affect: 89%)
The orc writhes in agony.
You kill the orc!
Sif Muna accepts your kill.
The killer bee zombie barely misses you.
The orc hits you with a +0 flail! Something hits you.
Aiming: Pain (safe; 1% risk of failure)
Press: ? - help, Q - select action, (/) - cycle Shift-Dir - straight line, f - orc
Aim: an orc, wielding a +0 flail (weak-willed, chance to affect: 89%)
The orc writhes in agony.
The killer bee zombie hits you. x2; The orc closely misses you.
You hear some strange, mumbled words.
Something tries to affect you, but you resist.
You feel better.
The killer bee zombie hits you but does no damage.
The killer bee zombie hits you. The orc barely misses you. Something hits you.
Aiming: Pain (safe; 1% risk of failure)
Press: ? - help, Q - select action, (/) - cycle Shift-Dir - straight line, f/p - orc
Aim: an orc, wielding a +0 flail (moderately wounded, weak-willed, chance to affect: 89%)
The orc writhes in agony.
The killer bee zombie hits you!
* * * LOW HITPOINT WARNING * * *
The killer bee zombie hits you.
* * * LOW HITPOINT WARNING * * *
The orc hits you with a +0 flail.
You die...

######## #.
....## #.##....#
#.......#### ####
#..#.#.....#
....>#.......##.#
#....@#.#..## #
#...)Zo.....#.#
#.#..#..#.....#
#....#).#<#.###
##.#.....##.#
#...#.#..).#
#.......####
#.#.###.# #.#.
#.#


You could see an orc (weak-willed) and a killer bee zombie (weak-willed).

Vanquished Creatures
  Sigmund (D:3)
  A necrophage (D:4)
  A bullfrog zombie (D:5)
  A hound (D:5)
  A jelly (D:4)
  A bullfrog skeleton (D:5)
  Jessica (D:2)
  2 iguanas
  6 adders
  2 gnolls
  3 worms
  3 dart slugs
  5 orcs
  6 endoplasms
  6 giant cockroaches
  8 goblins
  6 hobgoblins
  6 jackals (D:1)
  7 quokkas
  10 ball pythons
  6 bats
  4 frilled lizards
  A jackal skeleton (D:4)
  5 kobolds
  7 rats
100 creatures vanquished.

Vanquished Creatures (collateral kills)
  2 adders (D:2)
2 creatures vanquished.

Grand Total: 102 creatures vanquished

Notes
Turn   | Place    | Note
-------+----------+-------------------------------------------
     0 | D:1      | ZenithNebula the Ghoul Necromancer began the quest for the
                  | Orb.
     0 | D:1      | Reached XP level 1. HP: 14/14 MP: 2/2
    74 | D:1      | Reached XP level 2. HP: 8/20 MP: 0/3
    80 | D:1      | Identified a scroll of acquirement
    80 | D:1      | Acquired a staff of death
   498 | D:1      | Found Voumok's Book Boutique.
   510 | D:1      | Reached XP level 3. HP: 26/26 MP: 0/5
  1423 | D:1      | Found a faded altar of an unknown god.
  1936 | D:2      | Reached XP level 4. HP: 34/34 MP: 0/6
  2079 | D:2      | Reached skill level 5 in Necromancy
  2249 | D:2      | Noticed Jessica
  2252 | D:2      | Reached XP level 5. HP: 39/39 MP: 4/7
  2261 | D:2      | Killed Jessica
  2435 | D:2      | Found a shimmering altar of Xom.
  2447 | D:2      | Became a worshipper of Xom of Chaos
  2639 | D:3      | Noticed Sigmund
  2655 | D:3      | Killed Sigmund
  2656 | D:3      | Reached XP level 6. HP: 16/46 MP: 0/10
  2727 | D:3      | XOM: divination: magic mapping
  2902 | D:3      | XOM: silly message
  2956 | D:3      | Reached skill level 6 in Necromancy
  3249 | D:3      | Found a runed translucent gate.
  3249 | D:3      | Found a runed translucent gate.
  3249 | D:3      | Found a runed translucent gate.
  3469 | D:4      | Noticed a necrophage
  3483 | D:4      | XOM: potion effect (brilliance)
  3490 | D:4      | Killed a necrophage
  3491 | D:4      | Reached XP level 7. HP: 17/51 MP: 11/11
  3624 | D:4      | XOM: stat loss: -1 Int (11/12)
  3991 | D:4      | XOM: 4-stop teleportation journey
  4080 | D:4      | XOM: 2-stop teleportation journey
  4711 | D:5      | Entered Level 5 of the Dungeon
  4862 | D:5      | XOM: polymorph iguana -> gnoll
  4923 | D:5      | Found a staircase to the Ecumenical Temple.
  4941 | D:5      | Reached skill level 1 in Fighting
  5053 | D:5      | XOM is BORED!
  5053 | D:5      | XOM: 1-stop teleportation journey
  5099 | Temple   | Entered the Ecumenical Temple
  5131 | Temple   | Fell from the grace of Xom
  5131 | Temple   | Became a worshipper of Sif Muna the Loreminder
  5323 | D:5      | Reached skill level 7 in Necromancy
  5546 | D:5      | Found a shimmering altar of Xom.
  5553 | D:5      | Found a stormy altar of Qazlal.
  6261 | D:6      | Slain by an orc

Illustrated notes

Levels and vault maps discovered:
D:1:      ncdulo_watergridlock, layout_basic, serial_shops,
          nicolae_shop_waterfront, hellmonk_ecumenical_altar_zigzags,
          minmay_hexomino_p4
D:2:      layout_loops_cross, basic_altar, dk_noncrumbling_4,
          amcnicky_mini_pool_small, minmay_snake_closets, uniq_jessica
D:3:      layout_basic, gammafunk_ghost_icy, uniq_ijyb, uniq_sigmund
D:4:      layout_loops_corners, minmay_quantized
D:5:      layout_loops_corners, minitemple, minmay_temple_entry_junction_2
D:6:      layout_basic, serial_glass, glass_columns_a, glass_columns_b
Temple:   regret_index_temple_chain_breaker

Skill      XL: |  1  2  3  4  5  6  7 |
---------------+----------------------+-----
Dodging        | 2 |  2.6
Spellcasting   | 2 3 4 |  4.0
Necromancy     | 5 6 7 |  7.1
Fighting       | 1 |  1.0
Staves         | |  0.5
Stealth        | |  2.4
Unarmed Combat | |  0.2

Action                   |  1- 3 |  4- 6 |  7- 9 || total
-------------------------+-------+-------+-------++-------
Melee: Unarmed           |    14 |       |       ||    14
       Staff             |    22 |    11 |     9 ||    42
       Scythe            |       |     6 |       ||     6
       Quarterstaff      |       |       |    20 ||    20
       Lajatang          |       |       |     7 ||     7
 Cast: Pain              |    71 |    61 |    61 ||   193
  Use: Scroll            |     5 |     5 |     3 ||    13
       Potion            |     1 |     3 |     2 ||     6
Armor: Robe              |     7 |     3 |    13 ||    23
Dodge: Dodged            |    30 |    20 |    49 ||    99

Table legend: (Time is in decaauts)
 A = Elapsed time spent in this place.
 B = Non-inter-level travel time spent in this place.
 C = Inter-level travel time spent in this place.
 D = Time resting spent in this place.
 E = Time spent auto-exploring this place.
 F = Levels seen in this place.
 G = Mean time per level.
                   A        B        C        D        E       F      G
               +--------+--------+--------+--------+--------+-----+--------+
         Total |   6284 |   5032 |   1252 |      0 |   3645 |   7 |  897.7 |
       Dungeon |   6050 |   4915 |   1135 |      0 |   3609 |   6 | 1008.3 |
        Temple |    234 |    117 |    117 |      0 |     36 |   1 |  234.0 |
               +--------+--------+--------+--------+--------+-----+--------+

Top non-repeatable levels by time:
     D:2: 1361 daAuts
     D:4: 1336 daAuts
     D:5: 1290 daAuts
     D:1: 1283 daAuts
     D:3: 743 daAuts
  Temple: 234 daAuts
     D:6: 33 daAuts
